PA
MYRTLE BEACH SEAHAWKS @ CHICAGO TULA
07/13/2038
 
TOP OF THE 1ST
Myrtle Beach Seahawks batting - Pitching for Chicago Tula : LHP Ken Fulton Jr.
Pitching: LHP Ken Fulton Jr.
Batting: RHB António Macías 0-0: Ball
1-0: Called Strike
1-1: Called Strike
1-2: Ball
2-2: Strikes out swinging
Batting: RHB António Etxebarria 0-0: Called Strike
0-1: Foul Ball, location: 2F
0-2: Ball
1-2: Fly out, F9 (Flyball, 9LS, EV 91.2 MPH)
Batting: RHB Christiaan Bunschoten 0-0: Ball
1-0: Ball
2-0: Ball
3-0: Called Strike
3-1: Fly out, F9 (Line Drive, 89S, EV 88.1 MPH)
Top of the 1st over - 0 runs, 0 hits, 0 errors, 0 left on base; Myrtle Beach 0 - Chicago 0
BOTTOM OF THE 1ST
Chicago Tula batting - Pitching for Myrtle Beach Seahawks : RHP Ignacio Manzanedo
Pitching: RHP Ignacio Manzanedo
Batting: RHB Tolenka Kafengauz 0-0: Ball
1-0: SINGLE (Groundball, 34S, EV 88.1 MPH) (infield hit)
Batting: LHB Kevin Hancock 0-0: Fly out, F8 (Flyball, 8LS, EV 93.8 MPH)
Batting: RHB Xiao-yong Huang 0-0: Ball
1-0: Reached on error, E6 (Groundball, 56, EV 85.0 MPH)
Tolenka Kafengauz to second
Batting: LHB Gustavo Zamora 0-0: Ball
1-0: Foul Ball, location: 2F
1-1: Ball
2-1: Ball
3-1: Fielders Choice at 2nd, 2-6 (Groundball, 13S, EV 66.2 MPH)
Tolenka Kafengauz to third
Batting: RHB Eddie Hickford 0-0: Called Strike
0-1: Ground out 4-3 (Groundball, 34D, EV 103.1 MPH)
Bottom of the 1st over - 0 runs, 1 hit, 1 error, 2 left on base; Myrtle Beach 0 - Chicago 0
TOP OF THE 2ND
Myrtle Beach Seahawks batting - Pitching for Chicago Tula : LHP Ken Fulton Jr.
Batting: LHB Lung Chaim 0-0: Fly out, F9 (Flyball, 9, EV 81.9 MPH)
Batting: RHB Raúl Colomo 0-0: Ball
1-0: Fly out, F9 (Flyball, 9S, EV 93.1 MPH)
Batting: RHB Kyle Goodbrand 0-0: Called Strike
0-1: Ground out U3 (Groundball, 3, EV 90.0 MPH)
Top of the 2nd over - 0 runs, 0 hits, 0 errors, 0 left on base; Myrtle Beach 0 - Chicago 0
BOTTOM OF THE 2ND
Chicago Tula batting - Pitching for Myrtle Beach Seahawks : RHP Ignacio Manzanedo
Batting: RHB Luis Gamboa 0-0: Ball
1-0: Foul Ball, location: 2F
1-1: Swinging Strike
1-2: Ball
2-2: Foul Ball, location: 2F
2-2: Strikes out swinging
Batting: RHB Jim Schroeder 0-0: Ground out 4-3 (Groundball, 4, EV 86.9 MPH)
Batting: RHB Jaypee Layug 0-0: Ball
1-0: Ball
2-0: Ball
3-0: Fly out, F7 (Flyball, 7, EV 88.1 MPH)
Bottom of the 2nd over - 0 runs, 0 hits, 0 errors, 0 left on base; Myrtle Beach 0 - Chicago 0
TOP OF THE 3RD
Myrtle Beach Seahawks batting - Pitching for Chicago Tula : LHP Ken Fulton Jr.
Batting: RHB Marcos Luna 0-0: Ball
1-0: Ball
2-0: Ball
3-0: Called Strike
3-1: Base on Balls
Batting: LHB Jorge Agramunt 0-0: Grounds into double play, 4-6-3 (Groundball, 4, EV 108.8 MPH)
Batting: RHB Abel Risinger 0-0: Swinging Strike
0-1: Ball
1-1: Ball
2-1: Called Strike
2-2: Foul Ball, location: 2F
2-2: SINGLE (Groundball, 6MD, EV 101.2 MPH)
Batting: RHB António Macías 0-0: Called Strike
0-1: Called Strike
0-2: Fly out, F7 (Flyball, 7S, EV 76.2 MPH)
Top of the 3rd over - 0 runs, 1 hit, 0 errors, 1 left on base; Myrtle Beach 0 - Chicago 0
BOTTOM OF THE 3RD
Chicago Tula batting - Pitching for Myrtle Beach Seahawks : RHP Ignacio Manzanedo
Batting: RHB Ramón Rodríguez 0-0: Swinging Strike
0-1: Foul Ball, location: 2F
0-2: Ball
1-2: Strikes out looking
Batting: RHB Tolenka Kafengauz 0-0: Ball
1-0: Fly out, F4 (Popup, 4S, EV 76.9 MPH)
Batting: LHB Kevin Hancock 0-0: Ball
1-0: Foul Ball, location: 2F
1-1: Foul Ball, location: 2F
1-2: Strikes out swinging
Bottom of the 3rd over - 0 runs, 0 hits, 0 errors, 0 left on base; Myrtle Beach 0 - Chicago 0
TOP OF THE 4TH
Myrtle Beach Seahawks batting - Pitching for Chicago Tula : LHP Ken Fulton Jr.
Batting: RHB António Etxebarria 0-0: Fly out, F7 (Flyball, 7LMF, EV 91.9 MPH)
Batting: RHB Christiaan Bunschoten 0-0: Swinging Strike
0-1: Foul Ball, location: 2F
0-2: Strikes out swinging
Batting: LHB Lung Chaim 0-0: Foul Ball, location: 2F
0-1: Called Strike
0-2: Ball
1-2: Strikes out swinging
Top of the 4th over - 0 runs, 0 hits, 0 errors, 0 left on base; Myrtle Beach 0 - Chicago 0
BOTTOM OF THE 4TH
Chicago Tula batting - Pitching for Myrtle Beach Seahawks : RHP Ignacio Manzanedo
Batting: RHB Xiao-yong Huang 0-0: Ball
1-0: Called Strike
1-1: Called Strike
1-2: Ground out 1-3 (Groundball, 13S, EV 72.5 MPH)
Batting: LHB Gustavo Zamora 0-0: Ball
1-0: Ground out U3 (Groundball, 34, EV 108.1 MPH)
Batting: RHB Eddie Hickford 0-0: Called Strike
0-1: Ball
1-1: Ball
2-1: Foul Ball, location: 2F
2-2: Foul Ball, location: 2F
2-2: Strikes out swinging
Bottom of the 4th over - 0 runs, 0 hits, 0 errors, 0 left on base; Myrtle Beach 0 - Chicago 0
TOP OF THE 5TH
Myrtle Beach Seahawks batting - Pitching for Chicago Tula : LHP Ken Fulton Jr.
Batting: RHB Raúl Colomo 0-0: Ball
1-0: Ball
2-0: Called Strike
2-1: Ball
3-1: SINGLE (Line Drive, 8LS, EV 91.9 MPH)
Batting: RHB Kyle Goodbrand 0-0: Foul Ball, location: 2F
0-1: Ground out 5-3 (Groundball, 5S, EV 65.0 MPH)
Raúl Colomo to second
Batting: RHB Marcos Luna 0-0: Ball
1-0: Called Strike
1-1: SINGLE (Groundball, 4MD, EV 95.6 MPH)
Raúl Colomo to third
Runner from 3rd tries for Home, SAFE, throw by CF to home
Batting: LHB Jorge Agramunt 0-0: Called Strike
0-1: Ball
1-1: Called Strike
1-2: Ball
2-2: Strikes out swinging
Batting: RHB Abel Risinger 0-0: Called Strike
0-1: Swinging Strike
0-2: Fly out, F8 (Line Drive, 8RM, EV 110.6 MPH)
Top of the 5th over - 1 run, 2 hits, 0 errors, 1 left on base; Myrtle Beach 1 - Chicago 0
BOTTOM OF THE 5TH
Chicago Tula batting - Pitching for Myrtle Beach Seahawks : RHP Ignacio Manzanedo
Pitching: RHP Scott Richardson
Batting: RHB Luis Gamboa 0-0: Called Strike
0-1: Called Strike
0-2: Ball
1-2: Strikes out swinging
Batting: RHB Jim Schroeder 0-0: Ball
1-0: Foul Ball, location: 2F
1-1: Ball
2-1: Ball
3-1: Swinging Strike
3-2: Fly out, F8 (Flyball, 8RS, EV 87.5 MPH)
Batting: RHB Jaypee Layug 0-0: Called Strike
0-1: Foul Ball, location: 2F
0-2: Ball
1-2: Strikes out swinging
Bottom of the 5th over - 0 runs, 0 hits, 0 errors, 0 left on base; Myrtle Beach 1 - Chicago 0
TOP OF THE 6TH
Myrtle Beach Seahawks batting - Pitching for Chicago Tula : LHP Ken Fulton Jr.
Batting: RHB António Macías 0-0: Ball
1-0: Foul Ball, location: 2F
1-1: Fly out, F4 (Popup, 34S, EV 56.9 MPH)
Batting: RHB António Etxebarria 0-0: Ball
1-0: Called Strike
1-1: Ground out U3 (Groundball, 34, EV 103.1 MPH)
Batting: RHB Christiaan Bunschoten 0-0: Called Strike
0-1: Ball
1-1: Called Strike
1-2: Strikes out looking
Top of the 6th over - 0 runs, 0 hits, 0 errors, 0 left on base; Myrtle Beach 1 - Chicago 0
BOTTOM OF THE 6TH
Chicago Tula batting - Pitching for Myrtle Beach Seahawks : RHP Scott Richardson
Batting: RHB Ramón Rodríguez 0-0: Ball
1-0: Called Strike
1-1: Ball
2-1: Ball
3-1: Called Strike
3-2: Foul Ball, location: 2F
3-2: Base on Balls
Batting: RHB Tolenka Kafengauz 0-0: Ball
1-0: Ball
2-0: Sac Bunt to 2L - play at first, batter OUT! 2-4
Ramón Rodríguez to second
Batting: LHB Kevin Hancock 0-0: Fly out, F9 (Flyball, 9, EV 86.9 MPH)
Batting: RHB Xiao-yong Huang 0-0: Called Strike
0-1: Ball
1-1: Ball
2-1: Ball
3-1: Base on Balls
Batting: LHB Gustavo Zamora 0-0: Ball
1-0: Ball
2-0: Swinging Strike
2-1: Foul Ball, location: 2F
2-2: Ground out 2-3 (Groundball, 2L, EV 75.0 MPH)
Bottom of the 6th over - 0 runs, 0 hits, 0 errors, 2 left on base; Myrtle Beach 1 - Chicago 0
TOP OF THE 7TH
Myrtle Beach Seahawks batting - Pitching for Chicago Tula : LHP Ken Fulton Jr.
Batting: LHB Lung Chaim 0-0: Foul Ball, location: 2F
0-1: Ball
1-1: Ground out 6-3 (Groundball, 6, EV 80.6 MPH)
Batting: RHB Raúl Colomo 0-0: Ball
1-0: Ball
2-0: Fly out, F7 (Flyball, 7S, EV 93.8 MPH)
Batting: RHB Kyle Goodbrand 0-0: Ball
1-0: Fly out, F8 (Line Drive, 8RM, EV 91.9 MPH)
Top of the 7th over - 0 runs, 0 hits, 0 errors, 0 left on base; Myrtle Beach 1 - Chicago 0
BOTTOM OF THE 7TH
Chicago Tula batting - Pitching for Myrtle Beach Seahawks : RHP Scott Richardson
Batting: RHB Eddie Hickford 0-0: Swinging Strike
0-1: Foul Ball, location: 2F
0-2: Ball
1-2: Strikes out swinging
Batting: RHB Luis Gamboa 0-0: Foul Ball, location: 2F
0-1: Foul Ball, location: 2F
0-2: Strikes out looking
Batting: RHB Jim Schroeder 0-0: Foul Ball, location: 2F
0-1: Foul Ball, location: 2F
0-2: Ball
1-2: Strikes out swinging
Bottom of the 7th over - 0 runs, 0 hits, 0 errors, 0 left on base; Myrtle Beach 1 - Chicago 0
TOP OF THE 8TH
Myrtle Beach Seahawks batting - Pitching for Chicago Tula : LHP Ken Fulton Jr.
Batting: RHB Marcos Luna 0-0: Hit by Pitch
Batting: LHB Jorge Agramunt 0-0: SINGLE (Flyball, 9LS, EV 87.5 MPH)
Marcos Luna to second
Batting: RHB Abel Risinger 0-0: Ball
1-0: Sac Bunt to 15S - play at first, batter OUT! 1-4
Marcos Luna to third
Jorge Agramunt to second
Batting: RHB António Macías 0-0: Intentional Walk
Batting: RHB António Etxebarria 0-0: Ball
1-0: DOUBLE (Flyball, 8LXD, EV 100.0 MPH)
Marcos Luna scores
Jorge Agramunt scores
António Macías to third
Batting: RHB Christiaan Bunschoten 0-0: Intentional Walk
Batting: LHB Lung Chaim 0-0: Foul Ball, location: 2F
0-1: Ball
1-1: Ball
2-1: Called Strike
2-2: Strikes out swinging
Batting: RHB Raúl Colomo 0-0: Called Strike
0-1: Fly out, F8 (Line Drive, 8RM, EV 87.5 MPH)
Top of the 8th over - 2 runs, 2 hits, 0 errors, 3 left on base; Myrtle Beach 3 - Chicago 0
BOTTOM OF THE 8TH
Chicago Tula batting - Pitching for Myrtle Beach Seahawks : RHP Scott Richardson
Batting: RHB Jaypee Layug 0-0: Fly out, F4 (Popup, 4, EV 56.9 MPH)
Batting: RHB Ramón Rodríguez 0-0: Called Strike
0-1: Foul Ball, location: 2F
0-2: Ball
1-2: Ball
2-2: Ball
3-2: Strikes out swinging
Batting: RHB Tolenka Kafengauz 0-0: Foul Ball, location: 2F
0-1: Swinging Strike
0-2: Ball
1-2: Ball
2-2: Ball
3-2: Foul Ball, location: 2F
3-2: Ground out 1-3 (Groundball, 34S, EV 86.9 MPH)
Bottom of the 8th over - 0 runs, 0 hits, 0 errors, 0 left on base; Myrtle Beach 3 - Chicago 0
TOP OF THE 9TH
Myrtle Beach Seahawks batting - Pitching for Chicago Tula : LHP Ken Fulton Jr.
Batting: RHB Kyle Goodbrand 0-0: Called Strike
0-1: Ball
1-1: Ground out 5-3 (Groundball, 56, EV 90.6 MPH)
Batting: RHB Marcos Luna 0-0: Ball
1-0: Ball
2-0: Called Strike
2-1: Ball
3-1: Ground out 6-3 (Groundball, 6, EV 82.5 MPH)
Batting: LHB Jorge Agramunt 0-0: Ball
1-0: Ball
2-0: Called Strike
2-1: Called Strike
2-2: Strikes out swinging
Top of the 9th over - 0 runs, 0 hits, 0 errors, 0 left on base; Myrtle Beach 3 - Chicago 0
BOTTOM OF THE 9TH
Chicago Tula batting - Pitching for Myrtle Beach Seahawks : RHP Scott Richardson
Batting: LHB Kevin Hancock 0-0: Ball
1-0: Ball
2-0: Ball
3-0: Called Strike
3-1: Bunted foul
3-2: Foul Ball, location: 2F
3-2: Foul Ball, location: 2F
3-2: Strikes out swinging
Pitching: LHP Masaki Ito
Batting: RHB Xiao-yong Huang 0-0: Ball
1-0: Ball
2-0: Swinging Strike
2-1: Ball
3-1: DOUBLE (Line Drive, 89M, EV 96.2 MPH)
Batting: LHB Gustavo Zamora 0-0: Ball
1-0: Foul Ball, location: 2F
1-1: Called Strike
1-2: Ball
2-2: Strikes out swinging
Batting: RHB Eddie Hickford 0-0: Called Strike
0-1: Ball
1-1: Foul Ball, location: 2F
1-2: Strikes out looking
Bottom of the 9th over - 0 runs, 1 hit, 0 errors, 1 left on base; Myrtle Beach 3 - Chicago 0
Friday, April 17th, 2020 - OOTP Baseball 20.8 Build 74